 Dungeon Crawl Stone Soup version 0.22-a0-322-g60b3cfd (webtiles) character file.

70 FoFiFeeFum the Chopper (level 4, -8/35 HPs)
             Began as a Formicid Fighter on Apr 2, 2018.
             Mangled by a gnoll
             ... wielding a +0 halberd
              (11 damage)
             ... on level 2 of the Dungeon.
             The game lasted 00:01:44 (1003 turns).

FoFiFeeFum the Chopper (Formicid Fighter)           Turns: 1003, Time: 00:01:45

Health: -8/35      AC:  6    Str: 27    XL:     4   Next: 45%
Magic:  4/4        EV:  8    Int:  7    God:
Gold:   30         SH: 10    Dex: 12    Spells: 3/3 levels left

rFire    . . .     SeeInvis +   a - +0 war axe
rCold    . . .     Gourm    .   c - +0 shield
rNeg     . . .     Faith    .   b - +0 scale mail
rPois    .         Spirit   .   (helmet unavailable)
rElec    .         Reflect  .   (no cloak)
rCorr    .         Harm     .   (no gloves)
MR       .....                  (no boots)
Stlth    ..........             (no amulet)
HPRegen  0.11/turn              l - +2 ring of dexterity
MPRegen  0.09/turn              (no ring)

@: mighty
A: permanent stasis, dig shafts and tunnels, four strong arms, antennae 3
a: Dig, Shaft Self


You were on level 2 of the Dungeon.
You were hungry.

You visited 1 branch of the dungeon, and saw 2 of its levels.

You collected 30 gold pieces.

Inventory:

Hand Weapons
 a - a +0 war axe (weapon)
Armour
 b - a +0 scale mail (worn)
 c - a +0 shield (worn)
Jewellery
 l - a +2 ring of dexterity (left hand)
Scrolls
 e - a scroll of enchant armour {unknown}
 h - a scroll of enchant weapon {unknown}
 i - a scroll of teleportation {unknown}
Potions
 d - 2 potions of might
 g - a potion of lignification {unknown}
 j - a potion of mutation {unknown}
 k - a potion of agility {unknown}
 m - a potion of curing {unknown}
Comestibles
 f - 3 rations


   Skills:
 - Level 3.2 Fighting
 + Level 4.3 Axes
 - Level 3.2 Armour
 - Level 3.6 Shields


You had 3 spell levels left.
You didn't know any spells.

Dungeon Overview and Level Annotations

Branches:
Dungeon (2/15)

Altars:
Nemelex Xobeh


Innate Abilities, Weirdness & Mutations

You cannot be hasted, slowed, berserked, paralysed or teleported.
You can dig through walls and to a lower floor.
Your four strong arms can wield two-handed weapons with a shield.
You have a pair of large antennae on your head. (SInv)


Message History

The gnoll is heavily wounded.
You hit the gnoll.
The gnoll is moderately wounded.
You block the gnoll's attack. The gnoll hits you but does no damage.
You feel very mighty all of a sudden. You block the gnoll's attack. x2
You closely miss the gnoll.
The gnoll is moderately wounded.
The gnoll barely misses you. The gnoll hits you.
You slash the gnoll!
You kill the gnoll!
You block the gnoll's attack.
The gnoll hits you from afar with a halberd!
The gnoll hits you from afar with a halberd!
* * * LOW HITPOINT WARNING * * *
You see here a gnoll corpse.
You slash the gnoll!
You kill the gnoll!
The gnoll hits you from afar with a halberd!
You die...

### #..
#g# #g#
{ #)#
#@#
#####.#
#.....#
#.#####
# #.# #
#.# ###
####.#
...
#....#
### #.
#.⌠.⌠##
#


You could see 2 gnolls.

Vanquished Creatures
  2 gnolls (D:2)
  An adder (D:2)
  A worm (D:2)
  2 dart slugs (D:1)
  A leopard gecko (D:1)
  A giant cockroach (D:1)
  9 goblins
  4 hobgoblins
  A quokka (D:2)
  3 bats
  A frilled lizard (D:1)
  4 kobolds
  4 rats
34 creatures vanquished.

Vanquished Creatures (others)
  11 toadstools (D:2)
11 creatures vanquished.

Grand Total: 45 creatures vanquished

Notes
Turn   | Place    | Note
-------+----------+-------------------------------------------
     0 | D:1      | FoFiFeeFum the Formicid Fighter began the quest for the Orb.
     0 | D:1      | Reached XP level 1. HP: 18/18 MP: 1/1
    49 | D:1      | Reached XP level 2. HP: 19/24 MP: 2/2
   173 | D:1      | Reached skill level 3 in Axes
   308 | D:1      | Reached XP level 3. HP: 24/29 MP: 3/3
   910 | D:2      | Reached skill level 4 in Axes
   910 | D:2      | Reached XP level 4. HP: 19/35 MP: 4/4
   982 | D:2      | Found a sparkling altar of Nemelex Xobeh.
  1003 | D:2      | Mangled by a gnoll

Vault maps used:
D:1:      minmay_arrival_plants_in_alcoves, minmay_misc_feat_roman,
          minmay_tromino_v4_b
D:2:      cheibrodos_fertilizer, nemelex_xobeh_ov_fountains_minmay, first_ration

Skill      XL: |  1  2  3 |
---------------+----------+-----
Axes           | 3 4 |  4.3
Fighting       | |  3.2
Armour         | |  3.2
Shields        | |  3.6

Action                   |  1- 3 |  4- 6 || total
-------------------------+-------+-------++-------
Melee: War axe           |   103 |    13 ||   116
  Use: Potion            |       |     1 ||     1
Armor: Scale mail        |    47 |     4 ||    51
Dodge: Dodged            |    24 |     4 ||    28
Block: Shield            |    42 |     7 ||    49

Table legend:
 A = Spawn XP
 B = Non-spawn XP
 C = Spawn XP percentage of total XP
 D = Spawn monster count
 E = Non-spawn monster count
 F = Spawn count percentage of total count
 G = Total turns spent on level
                    A         B        C        D         E        F      G
               +---------+---------+-------+---------+---------+-------+---------
         Total |       0 |     101 |   0.0 |       0 |      34 |   0.0 |  1003
               +---------+---------+-------+---------+---------+-------+---------
           D:1 |       0 |      35 |   0.0 |       0 |      19 |   0.0 |   673
           D:2 |       0 |      66 |   0.0 |       0 |      15 |   0.0 |   330
               +---------+---------+-------+---------+---------+-------+---------
